 Dungeon Crawl Stone Soup version 0.19.0 (webtiles) character file.

166188 Eucla the Messiah (level 17, -2/162 HPs)
             Began as a Hill Orc Transmuter on Nov 14, 2016.
             Was the Champion of Beogh.
             Slain by an emperor scorpion (28 damage)
             ... on level 3 of the Spider Nest.
             The game lasted 00:59:10 (34146 turns).

Eucla the Messiah (Hill Orc Transmuter)            Turns: 34146, Time: 00:59:10

Health: -2/162     AC: 35    Str: 20    XL:     17   Next: 60%
Magic:  23/26      EV: 13    Int: 17    God:    Beogh [******]
Gold:   1214       SH:  5    Dex: 16    Spells: 2 memorised, 13 levels left

rFire  . . .     SeeInvis .     B - +7 quarterstaff "Penwig" {vamp, rPois Int+4}
rCold  + + .     Gourm    .     z - +3 plate armour
rNeg   + . .     Faith    .     (shield currently unavailable)
rPois  +         Spirit   .     (no helmet)
rElec  .         Reflect  +     j - +0 cloak
rCorr  .         Harm     .     p - +2 pair of gloves
MR     +....                    w - +0 pair of boots "Mettudis" {rC+ rN+}
Stlth  ..........               h - +5 amulet of reflection
                                F - +5 ring of strength
                                q - +3 ring of protection

@: no status effects
A: walk on water, rugged brown scales 1, slimy green scales 1, yellow scales 1,
agile 1, cold resistance 1, low mp 1, shaggy fur 1, weak 1, wild magic 1
a: Smiting, Recall Orcish Followers, Give Item to Named Follower, Resurrection,
Renounce Religion
}: 1/15 runes: decaying


You were on level 3 of the Spider Nest.
You worshipped Beogh.
Beogh was exalted by your worship.
You were not hungry.

You visited 5 branches of the dungeon, and saw 30 of its levels.
You also visited: Sewer.

You collected 2241 gold pieces.
You spent 1027 gold pieces at shops.

Inventory:

Hand Weapons
 B - the +7 quarterstaff "Penwig" (weapon) {vamp, rPois Int+4}
   (You found it on level 6 of the Dungeon)

   It inflicts no extra harm, but heals its wielder when it wounds a living foe.
   It affects your intelligence (+4).
   It protects you from poison.
Missiles
 a - 575 arrows
Armour
 j - a +0 cloak (worn)
 p - a +2 pair of gloves (worn)
 w - the +0 pair of boots "Mettudis" (worn) {rC+ rN+}
   (You found it on level 15 of the Dungeon)

   It protects you from cold.
   It protects you from negative energy.
 z - a +3 plate armour (worn)
Magical Staves
 k - an uncursed staff of earth
Jewellery
 h - a +5 amulet of reflection (around neck)
 i - an uncursed ring of protection from cold
 q - a +3 ring of protection (left hand)
 A - an uncursed amulet of regeneration
 F - a +5 ring of strength (right hand)
 Q - an uncursed ring of magical power {unknown}
Wands
 c - a wand of lightning (5/15)
 J - a wand of acid (8/15)
 L - a wand of iceblast (8/15)
 N - a wand of disintegration (19/24)
 O - a wand of lightning (5/15)
 P - a wand of lightning (12/15)
Scrolls
 f - 11 scrolls of remove curse
 g - 8 scrolls of fog
 m - 3 scrolls of recharging
 n - 5 scrolls of magic mapping
 o - 10 scrolls of identify
 r - 13 scrolls of teleportation
 u - 6 scrolls of amnesia
 v - 3 scrolls of brand weapon
 x - 2 scrolls of holy word
 y - 2 scrolls of blinking
 D - 4 scrolls of enchant weapon
 E - 3 scrolls of fear
 I - 2 scrolls of enchant armour
Potions
 b - 3 potions of might
 e - 7 potions of flight
 l - 2 potions of ambrosia
 s - 2 potions of agility
 t - a potion of brilliance
 C - 2 potions of invisibility
 H - 9 potions of curing
 M - a potion of heal wounds
 V - 4 potions of magic
Books
 G - a book of Cantrips

   Spells                             Type                      Level
   a - Confusing Touch                Hexes                        1
   b - Animate Skeleton               Necromancy                   1
   c - Summon Small Mammal            Summoning                    1
   d - Apportation                    Translocation                1
 K - a book of Frost

   Spells                             Type                      Level
   a - Freeze                         Ice                          1
   b - Throw Frost                    Conjuration/Ice              2
   c - Ozocubu's Armour               Charms/Ice                   3
   d - Throw Icicle                   Conjuration/Ice              4
   e - Summon Ice Beast               Ice/Summoning                4
Comestibles
 d - 11 bread rations
 X - 6 meat rations


   Skills:
 + Level 15.8 Fighting
   Level 9.3 Axes
 - Level 14.3 Staves
 + Level 13.9 Armour
 + Level 11.0 Dodging
 - Level 3.2 Unarmed Combat
 - Level 1.5 Spellcasting
   Level 1.3 Transmutations
 + Level 16.3 Invocations


You had 13 spell levels left.
You knew the following spells:

 Your Spells              Type           Power        Failure   Level  Hunger
a - Blink                 Tloc           N/A          100%        2    ###....
b - Passage of Golubria   Tloc           N/A          100%        4    #####..


Dungeon Overview and Level Annotations

Branches:
Dungeon (15/15)            Temple (0/1) D:6            Lair (6/6) D:8
  Swamp (4/4) Lair:3       Spider (3/4) Lair:4        Slime (0/5) Lair:5
    Orc (2/2) D:11            Elf (0/3) Orc:2        Vaults (0/5) D:13
 Depths (0/5) D:15

Altars:
Gozag
Hepliaklqana
Nemelex Xobeh
Okawaru
Ru
Trog
Vehumet
Zin
Beogh
Jiyva

Shops:
Orc:2 (=(*[

Annotations:
Lair:5 1 runed door


Innate Abilities, Weirdness & Mutations

You can walk on water.
You are partially covered in rugged brown scales. (AC +1, +3% HP)
You are partially covered in slimy green scales. (AC +2)
You are partially covered in yellow scales. (AC +2)
You are agile. (Dex +2)
Your flesh is cold resistant. (rC+)
Your magical capacity is low. (-10% MP)
You are covered in fur. (AC +1)
You are weak. (Str -2)
Your spells are a little harder to cast, but a little more powerful.


Message History

* * * LOW HITPOINT WARNING * * *
The emperor scorpion claws you but does no damage.
Unknown command.
Your orc priest no longer looks unusually strong.
Your orc knight roars a battlecry!
Your orc priest goes into a battle-frenzy!
Your orc priest hits the emperor scorpion from afar with a trident.
The jumping spider leaps!
Unknown command.
You closely miss the emperor scorpion.
The emperor scorpion is heavily wounded.
The emperor scorpion misses you.
The emperor scorpion claws you but does no damage. x2
Your orc warrior barely misses the jumping spider.
Your orc knight hits the emperor scorpion but does no damage.
The jumping spider leaps!
You hit the emperor scorpion but do no damage.
The emperor scorpion is heavily wounded.
The emperor scorpion stings you!!
You die...

.................
..................
...........s......
..................
..........§......#
........§.y.#....
....>..<.....#
........o.o####
.........§).s@#
..........†o###
.(........s##
.#.........≈
##.......###
.≈#..≈#..#
..###≈#.## # ##


You could see an emperor scorpion (berserk), a jumping spider, a friendly orc
knight, a friendly orc warrior and a friendly orc priest.

Vanquished Creatures
  Bai Suzhen (Swamp:3)
  Jorgrun (Swamp:3)
  3 thorn hunters
  Kirke (D:14)
  A ghost moth (Spider:1)
  The ghost of TheGoonsmith the Bludgeoner, a journeyman OgHu of Dithmenos (Orc:2)
  12 hydras
  An ice dragon (D:13)
  5 catoblepae
  2 ghost crabs
  5 alligators
  2 centaur warriors (D:13)
  13 death yaks (Lair:6)
  A tengu warrior (D:15)
  2 orc high priests (Orc:2)
  The ghost of PrincessPwny the Carver, a journeyman VSBe of Trog (D:13)
  A spriggan (Swamp:4)
  An iron troll (D:13)
  A hell knight (D:15)
  12 skeletal warriors
  A death drake (Swamp:4)
  A spriggan druid (Swamp:4)
  2 swamp dragons (Swamp:3)
  A shambling mangrove (Swamp:3)
  5 hill giants
  A necromancer (D:13)
  2 orc knights
  2 spectral hydras (Swamp:4)
  13 ugly things
  8 orb spiders
  13 wolf spiders
  2 phantasmal warriors (Swamp:4)
  A cyclops (D:10)
  2 orc sorcerers
  2 moths of wrath
  A centaur zombie (D:14)
  2 black mambas (Lair:5)
  Maurice (D:8)
  Joseph (D:8)
  A centaur skeleton (D:14)
  3 gargoyles
  13 spiny frogs
  2 rime drakes
  2 kobold demonologists
  4 swamp worm zombies (Swamp:4)
  A tengu conjurer (D:15)
  4 komodo dragons
  3 demonic crawlers
  2 trolls
  A meliai (shapeshifter) (D:13)
  2 hydra zombies (Swamp:4)
  10 jumping spiders
  The ghost of PrincessPwny the Carver, a novice VSBe of Trog (D:5)
  3 meliai (D:14)
  5 tyrant leeches
  6 hornets
  15 slime creatures
  5 alligator zombies (Swamp:4)
  15 bog bodies
  6 hippogriffs
  13 blink frogs
  Grinder (D:3)
  4 spectral swamp dragons (Swamp:4)
  7 dream sheep
  A meliai zombie (D:15)
  30 redbacks
  11 tarantellas
  3 shadows
  14 yaks
  2 wyverns
  A hog (D:14)
  2 humans (D:9)
  A wraith (D:14)
  A basilisk (Lair:6)
  16 vampire mosquitoes
  2 hungry ghosts (D:8)
  14 insubstantial wisps
  A mottled dragon (D:15)
  A soldier ant (D:14)
  A warg (Orc:2)
  24 swamp worms
  7 water moccasins
  Duvessa (D:4)
  5 porcupines
  5 orc warriors
  8 swamp drakes
  6 ice beasts
  4 phantoms (Swamp:4)
  A sky beast (D:15)
  A hornet zombie (D:12)
  2 swamp dragon zombies (Swamp:4)
  A black bear (D:11)
  An eye of draining (D:14)
  6 ogres
  7 centaurs
  8 wolves
  14 crocodiles
  3 big kobolds
  7 bullfrogs
  Dowan (D:4)
  A scorpion (D:8)
  4 electric eels
  9 wights
  11 howler monkeys
  7 crimson imps
  3 bullfrog skeletons
  10 hounds
  A quasit (D:7)
  5 orc priests
  A jelly (D:11)
  3 orc wizards
  5 iguanas
  A siren (Sewer)
  13 worker ants
  A statue (D:6)
  Terence (D:3)
  A merfolk avatar (Sewer)
  A worker ant zombie (D:5)
  A gnoll (D:6)
  A river rat (Sewer)
  14 adders
  A swamp drake zombie (Swamp:4)
  2 shadow imps
  An ooze (D:6)
  3 adder skeletons
  3 worms
  3 dart slugs (D:1)
  5 leopard geckos
  23 orcs
  6 ball pythons
  13 giant cockroaches
  6 hobgoblins
  4 jackals (D:6)
  2 quokkas
  7 bats
  14 frilled lizards
  5 goblins
  9 kobolds
  A leopard gecko skeleton (D:4)
  A leopard gecko zombie (D:5)
  2 quokka skeletons
  28 rats
  3 briar patches
706 creatures vanquished.

Vanquished Creatures (collateral kills)
  Roxanne (D:14)
  An orc warlord (Orc:2)
  2 hydras (Lair:5)
  2 catoblepae
  9 death yaks (Lair:6)
  2 centaur warriors
  An alligator (Swamp:2)
  Urug (Lair:3)
  3 orc high priests
  8 skeletal warriors
  2 unseen horrors
  2 hill giants
  4 orb spiders
  3 orc knights
  3 ugly things (D:14)
  3 wolf spiders
  6 orc sorcerers
  A cyclops (D:11)
  2 black mambas (Lair:6)
  3 spiny frogs
  A torpor snail (Lair:6)
  A yaktaur (D:15)
  2 demonic crawlers (Spider:1)
  5 komodo dragons
  5 jumping spiders
  A two-headed ogre (D:14)
  A meliai (Spider:3)
  13 blink frogs
  4 dream sheep
  4 slime creatures
  2 hippogriffs
  5 tarantellas (Spider:2)
  9 redbacks
  A spriggan (shapeshifter) (D:15)
  A shadow (Swamp:1)
  9 yaks
  A vampire (D:14)
  2 basilisks (Lair:1)
  5 vampire mosquitoes (D:15)
  2 steam dragons
  A mottled dragon (D:15)
  2 swamp worms
  2 porcupines
  An insubstantial wisp (Swamp:2)
  A soldier ant (D:13)
  7 orc warriors (Orc:2)
  A hornet zombie (D:15)
  2 phantoms
  A sky beast (D:15)
  A necrophage (D:13)
  2 ogres
  6 centaurs
  2 wolves (Lair:3)
  4 crocodiles
  A big kobold (D:15)
  3 bullfrogs
  2 wights
  2 electric eels
  2 howler monkeys
  2 crimson imps (D:14)
  3 centaur zombies
  3 orc priests
  A hell rat (Lair:6)
  8 orc wizards
  A worker ant (D:13)
  An adder (D:11)
  A shadow imp (D:8)
  3 orcs
  5 kobolds
  A fungus (Lair:2)
  A plant (Lair:6)
206 creatures vanquished.

Vanquished Creatures (others)
  6 orc knights
  A hydra (Swamp:3)
  An alligator (Swamp:4)
  3 orc high priests (Orc:2)
  17 orc priests
  24 orc warriors
  A hog (D:14)
  A human (D:14)
  A phantom (Swamp:4)
  A bullfrog (D:14)
  21 orc wizards
  42 orcs
  A kobold (D:3)
  5 fungi
  12 plants
137 creatures vanquished.

Grand Total: 1049 creatures vanquished

Notes
Turn   | Place    | Note
-------+----------+-------------------------------------------
     0 | D:1      | Eucla the Hill Orc Transmuter began the quest for the Orb.
     0 | D:1      | Reached XP level 1. HP: 16/16 MP: 3/3
    90 | D:1      | Reached skill level 1 in Armour
   106 | D:1      | Reached XP level 2. HP: 24/24 MP: 4/4
   505 | D:1      | Reached XP level 3. HP: 19/29 MP: 5/5
  1237 | D:2      | Found a faded altar of an unknown god.
  1285 | D:2      | Became a worshipper of Beogh the Brigand
  1285 | D:2      | Reached * piety under Beogh
  1436 | D:2      | Reached skill level 1 in Axes
  1659 | D:2      | Reached skill level 1 in Invocations
  2101 | D:2      | Reached XP level 4. HP: 12/37 MP: 6/6
  2259 | D:3      | Noticed Terence
  2286 | D:3      | Killed Terence
  2331 | D:3      | Reached XP level 5. HP: 15/44 MP: 7/7
  2422 | D:3      | Found a glowing drain.
  2484 | Sewer    | Entered a sewer
  2734 | Sewer    | Reached ** piety under Beogh
  2793 | Sewer    | Reached skill level 2 in Invocations
  3088 | Sewer    | Noticed a malarious merfolk avatar
  3140 | Sewer    | Killed a malarious merfolk avatar
  3140 | Sewer    | Reached XP level 6. HP: 36/51 MP: 4/8
  3280 | D:3      | Noticed Grinder
  3299 | D:3      | Paralysed by Grinder for 4 turns
  3304 | D:3      | Killed Grinder
  3304 | D:3      | Reached skill level 5 in Axes
  3304 | D:3      | Reached skill level 3 in Invocations
  3736 | D:4      | Got a brightly glowing ring mail
  3747 | D:4      | Identified the cursed +1 ring mail of Death's Door {Str+4} (You found it on level 4 of the Dungeon)
  3805 | D:4      | Reached XP level 7. HP: 55/59 MP: 9/9
  3810 | D:4      | Noticed a hippogriff
  3824 | D:4      | Killed a hippogriff
  3824 | D:4      | Reached skill level 4 in Invocations
  4261 | D:4      | Noticed Duvessa
  4266 | D:4      | Noticed Dowan
  4288 | D:4      | Killed Duvessa
  4288 | D:4      | Reached skill level 5 in Fighting
  4288 | D:4      | Killed Dowan
  4729 | D:4      | Reached XP level 8. HP: 64/68 MP: 11/11
  4865 | D:5      | Entered Level 5 of the Dungeon
  4898 | D:5      | Found an opulent altar of Gozag.
  4907 | D:5      | Found a hazy altar of Hepliaklqana.
  4959 | D:5      | Noticed PrincessPwny's ghost (novice VSBe)
  4983 | D:5      | Killed PrincessPwny's ghost
  4983 | D:5      | Reached skill level 5 in Invocations
  5070 | D:5      | Found a sparkling altar of Nemelex Xobeh.
  5207 | D:5      | HP: 1/70 [iguana (6)]
  5828 | D:6      | Found a radiant altar of Vehumet.
  5919 | D:6      | Got a crude quarterstaff
  5924 | D:6      | Identified the +7 quarterstaff "Penwig" {vamp, rPois Int+4} (You found it on level 6 of the Dungeon)
  5968 | D:6      | Reached skill level 1 in Staves
  6228 | D:6      | Found a staircase to the Ecumenical Temple.
  6657 | D:7      | Noticed a hippogriff
  6663 | D:7      | Killed a hippogriff
  6663 | D:7      | Reached XP level 9. HP: 75/75 MP: 9/13
  6735 | D:7      | Reached *** piety under Beogh
  6735 | D:7      | Reached skill level 5 in Staves
  7279 | D:8      | Noticed Maurice
  7456 | D:8      | Found a staircase to the Lair.
  7457 | D:8      | Noticed Joseph
  7474 | D:8      | Killed Joseph
  7650 | D:8      | Killed Maurice
  7650 | D:8      | Reached XP level 10. HP: 82/83 MP: 14/14
  7887 | D:8      | Found a sacrificial altar of Ru.
  8122 | D:8      | Paralysed by a hornet for 3 turns
  8129 | D:8      | Paralysed by a hornet for 1 turns
  8509 | D:9      | Reached **** piety under Beogh
  8787 | D:9      | Found an iron altar of Okawaru.
  8808 | D:9      | Reached skill level 10 in Staves
  9295 | D:10     | Entered Level 10 of the Dungeon
  9374 | D:10     | Noticed a hill giant
  9386 | D:10     | Killed a hill giant
  9678 | D:10     | Noticed a cyclops
  9692 | D:10     | Killed a cyclops
 10260 | Lair:1   | Entered Level 1 of the Lair of Beasts
 10485 | Lair:1   | Noticed a spiny frog
 10495 | Lair:1   | Killed a spiny frog
 10495 | Lair:1   | Reached XP level 11. HP: 69/89 MP: 15/15
 10876 | Lair:1   | Gained Brunolf as an ally
 11872 | Lair:2   | Reached ***** piety under Beogh
 12136 | Lair:2   | Learned a level 2 spell: Blink
 12141 | Lair:2   | Learned a level 4 spell: Passage of Golubria
 12141 | Lair:2   | Gained mutation: You are agile. (Dex +2) [potion of mutation]
 12141 | Lair:2   | Gained mutation: Your magical capacity is low. (-10% MP) [potion of mutation]
 12141 | Lair:2   | Gained mutation: You are partially covered in slimy green scales. (AC +2) [potion of mutation]
 12586 | Lair:3   | Found a staircase to the Swamp.
 12744 | Lair:3   | Noticed Urug
 12758 | Lair:3   | Killed Urug
 13243 | Lair:4   | Reached XP level 12. HP: 88/96 MP: 14/14
 13450 | Lair:4   | Found a hole to the Spider Nest.
 13468 | Lair:4   | Reached skill level 6 in Invocations
 13489 | Lair:4   | Noticed a seven-headed hydra
 13498 | Lair:4   | Killed a seven-headed hydra
 13664 | Lair:4   | Gained Boghold as an ally
 14554 | Lair:5   | Noticed a five-headed hydra
 14563 | Lair:5   | Killed a five-headed hydra
 14563 | Lair:5   | Reached skill level 7 in Invocations
 14707 | Lair:5   | Noticed a four-headed hydra
 14717 | Lair:5   | Killed a five-headed hydra
 14882 | Lair:5   | Noticed a five-headed hydra
 14890 | Lair:5   | Killed a six-headed hydra
 14890 | Lair:5   | Reached skill level 8 in Invocations
 14944 | Lair:5   | Found a runed door.
 14945 | Lair:5   | Found a viscous altar of Jiyva.
 14958 | Lair:5   | Noticed an azure jelly
 14958 | Lair:5   | Noticed an azure jelly
 14959 | Lair:5   | Found a staircase to the Slime Pits.
 15581 | Lair:6   | Entered Level 6 of the Lair of Beasts
 15611 | Lair:6   | Reached skill level 5 in Armour
 15959 | Lair:6   | Noticed a catoblepas
 15977 | Lair:6   | Killed a catoblepas
 16042 | Lair:6   | Reached XP level 13. HP: 100/108 MP: 17/17
 16125 | Lair:6   | Reached skill level 9 in Invocations
 16137 | Lair:6   | Reached skill level 5 in Dodging
 16446 | Lair:6   | Reached ****** piety under Beogh
 16746 | Lair:6   | Reached skill level 10 in Invocations
 17104 | Lair:6   | Reached skill level 10 in Fighting
 17704 | Lair:6   | Gained mutation: Your spells are a little harder to cast, but a little more powerful. [potion of mutation]
 17704 | Lair:6   | Gained mutation: You are partially covered in yellow scales. (AC +2) [potion of mutation]
 17704 | Lair:6   | Gained mutation: You are weak. (Str -2) [potion of mutation]
 17705 | Lair:6   | Gained mutation: You are partially covered in rugged brown scales. (AC +1, +3% HP) [potion of mutation]
 17705 | Lair:6   | Gained mutation: You are covered in fur. (AC +1) [potion of mutation]
 17705 | Lair:6   | Gained mutation: Your flesh is cold resistant. (rC+) [potion of mutation]
 17805 | Lair:6   | Reached XP level 14. HP: 125/125 MP: 19/19
 18346 | D:11     | Reached skill level 11 in Invocations
 18442 | D:11     | Found a glowing silver altar of Zin.
 18542 | D:11     | Found a staircase to the Orcish Mines.
 19923 | D:13     | Your ally Boghold died
 20361 | D:13     | Noticed PrincessPwny's ghost (journeyman VSBe)
 20369 | D:13     | Killed PrincessPwny's ghost
 20536 | D:13     | Gained Blodwig as an ally
 20560 | D:13     | Reached skill level 12 in Invocations
 20704 | D:13     | Found a gate to the Vaults.
 21075 | D:14     | Gained Koronagh as an ally
 21208 | D:14     | Reached skill level 10 in Armour
 21424 | D:14     | Reached XP level 15. HP: 124/136 MP: 22/22
 21487 | D:14     | Noticed Roxanne
 21508 | D:14     | Killed Roxanne
 21509 | D:14     | Identified Roxanne's Collected Works on Moulding (You took it off Roxanne on level 14 of the Dungeon)
 21601 | D:14     | Reached skill level 13 in Invocations
 21646 | D:14     | Noticed Kirke
 21697 | D:14     | Your ally Koronagh died
 21780 | D:14     | Killed Kirke
 21780 | D:14     | Gained Wargrak as an ally
 22184 | D:15     | Entered Level 15 of the Dungeon
 22222 | D:15     | Gained Spirok as an ally
 22257 | D:15     | Found a staircase to the Depths.
 22293 | D:15     | Got a pair of polished boots
 22309 | D:15     | Identified the +0 pair of boots "Mettudis" {rC+ rN+} (You found it on level 15 of the Dungeon)
 23386 | Orc:1    | Entered Level 1 of the Orcish Mines
 23502 | Orc:1    | Gained Oreg as an ally
 23666 | Orc:2    | Entered Level 2 of the Orcish Mines
 23666 | Orc:2    | Found a bloodstained altar of Trog.
 23669 | Orc:2    | Paralysed by an orc sorcerer for 5 turns
 23691 | Orc:2    | Found Reev's Weapon Emporium.
 23736 | Orc:2    | Noticed TheGoonsmith's ghost (journeyman OgHu)
 23752 | Orc:2    | Killed TheGoonsmith's ghost
 24107 | Orc:2    | Found a staircase to the Elven Halls.
 24116 | Orc:2    | Noticed an orc warlord
 24125 | Orc:2    | Your ally Wargrak died
 24128 | Orc:2    | Your ally Spirok died
 24132 | Orc:2    | Your ally Oreg died
 24134 | Orc:2    | Killed an orc warlord
 24134 | Orc:2    | HP: 7/140 [orc knight/great mace (15)]
 24527 | Orc:2    | Found Sapp's General Store.
 24611 | Orc:2    | Found Toishatt's Antique Armour Shop.
 24611 | Orc:2    | Found Tocvo's Antique Weapon Shop.
 24613 | Orc:2    | Found Hiux's Jewellery Boutique.
 24892 | Orc:2    | Bought a shiny plate armour for 754 gold pieces
 24892 | Orc:2    | Bought a pair of runed gloves for 273 gold pieces
 25168 | Swamp:1  | Entered Level 1 of the Swamp
 25358 | Swamp:1  | Reached skill level 14 in Invocations
 25776 | Swamp:2  | Reached XP level 16. HP: 136/149 MP: 23/23
 25888 | Swamp:2  | Noticed a thorn hunter
 25907 | Swamp:2  | Killed a thorn hunter
 25964 | Swamp:2  | Identified Sif Muna's Disquisition on the Earthen Entourage
 26266 | Swamp:2  | Gained Morun as an ally
 26709 | Swamp:3  | Noticed Jorgrun
 26718 | Swamp:3  | Your ally Morun died
 27148 | Swamp:3  | Killed Jorgrun
 27256 | Swamp:3  | Noticed Bai Suzhen
 27283 | Swamp:3  | Killed Bai Suzhen
 27293 | Swamp:3  | Noticed a thorn hunter
 27303 | Swamp:3  | Killed a thorn hunter
 27303 | Swamp:3  | Gained Wargath as an ally
 27344 | Swamp:3  | Your ally Wargath died
 27493 | Swamp:3  | Reached skill level 15 in Invocations
 27599 | Swamp:3  | Reached skill level 10 in Dodging
 27698 | Swamp:3  | Noticed a thorn hunter
 27722 | Swamp:3  | Killed a thorn hunter
 28289 | Swamp:4  | Entered Level 4 of the Swamp
 30334 | Swamp:4  | Reached skill level 15 in Fighting
 30572 | Swamp:4  | Reached XP level 17. HP: 135/160 MP: 25/25
 30664 | Swamp:4  | Noticed a bone dragon
 30695 | Swamp:4  | Got a decaying rune of Zot
 31273 | Spider:1 | Entered Level 1 of the Spider Nest
 32357 | Spider:1 | Gained Wulfoc as an ally
 32584 | Spider:2 | Reached skill level 16 in Invocations
 32919 | Spider:2 | Your ally Wulfoc died
 34146 | Spider:3 | Slain by an emperor scorpion

Skill      XL: |  1  2  3  4  5  6  7  8  9 10 11 12 13 14 15 16 17 |
---------------+----------------------------------------------------+-----
Armour         | 1 5 8 10 11 13 | 13.9
Fighting       | 2 3 4 5 6 8 10 12 13 15 | 15.8
Dodging        | 2 4 6 8 9 10 11 | 11.0
Axes           | 1 3 4 5 7 9 |  9.3
Invocations    | 1 2 3 4 5 8 10 12 14 15 16 | 16.3
Staves         | 3 8 11 14 | 14.3
Unarmed Combat | |  3.2
Spellcasting   | |  1.5
Transmutations | |  1.3

Action                   |  1- 3 |  4- 6 |  7- 9 | 10-12 | 13-15 | 16-18 || total
-------------------------+-------+-------+-------+-------+-------+-------++-------
Melee: Unarmed           |   110 |       |       |       |     3 |       ||   113
       Hand axe          |    37 |   256 |   193 |       |       |       ||   486
       Punch             |     1 |     3 |     5 |       |       |       ||     9
       Quarterstaff      |       |       |   203 |   527 |  1341 |  1436 ||  3507
Invok: Smiting           |       |     4 |     6 |       |     9 |     5 ||    24
       Recall Orcish Fol |       |       |       |     2 |     7 |       ||     9
Evoke: Wand              |       |       |       |       |     1 |     7 ||     8
  Use: Potion            |       |     3 |     2 |     1 |    12 |     4 ||    22
       Scroll            |       |       |       |    30 |    11 |     6 ||    47
 Stab: Sleeping          |     1 |       |       |       |       |       ||     1
       Invisible         |       |     3 |       |       |     6 |       ||     9
       Distracted        |       |       |     2 |     5 |    11 |     4 ||    22
       Held in net/web   |       |       |       |     1 |       |       ||     1
       Petrified         |       |       |       |       |     3 |       ||     3
       Petrifying        |       |       |       |       |     2 |       ||     2
       Confused          |       |       |       |       |       |     2 ||     2
  Eat: Chunk             |     3 |     5 |     3 |     8 |       |       ||    19
       Bread ration      |       |     1 |       |     1 |       |       ||     2
       Meat ration       |       |       |     3 |       |     2 |     3 ||     8
       Pizza             |       |       |     1 |     1 |     4 |     1 ||     7
       Beef jerky        |       |       |       |     4 |     3 |     3 ||    10
       Fruit             |       |       |       |     3 |     5 |       ||     8
       Royal jelly       |       |       |       |     4 |     6 |     1 ||    11
Armor: Robe              |    33 |     4 |       |       |       |       ||    37
       Chain mail        |       |   119 |       |       |       |       ||   119
       Ring mail         |       |     5 |   116 |   158 |   380 |       ||   659
       Plate armour      |       |       |       |       |    96 |  1270 ||  1366
Dodge: Dodged            |   108 |    86 |   165 |   197 |   686 |   826 ||  2068
Block: Other             |     9 |    63 |    78 |    70 |   227 |   314 ||   761
       Reflection        |       |     3 |       |     2 |    17 |     2 ||    24
